AoeStats
← Navix de los Bosques de Lituania

Arabia

514047070Analyzed
3v3 RM · 2d ago on Oct 16, 2026· 47m 4s· 6 players
Game mode
Random Map
Map size
Normal (6 player)
Population
200
Speed
Normal
Resources
Standard
Victory
Conquest
Starting age
Dark Age
Ending age
Imperial Age
RankedLock teamsTeams togetherTeam positionsShared explorationLock speedFull tech treeHidden civsTurbo modeCheats
Victory
Defeat
🇫🇷 Franks · France
698
+21
🇺🇸 Franks · United States
638
+23
🇺🇸 Romans · United States
633
+23
vs
🇨🇦 Huns · Canada
853
-25
🇧🇷 Huns · Brazil
786
-22
750
-20
Navix de los Bosques de Lituania
13:51 Feudal Age
12:14 Loom
14:00 Feudal Age
17:38 Double-Bit Axe
21:54 Castle Age
21:05 Forging
20:56 Scale Mail Armor
25:48 Crossbowman
25:49 Elite Skirmisher
26:28 Fletching
26:39 Padded Archer Armor
26:47 Scale Barding Armor
28:28 Gold Mining
28:22 Horse Collar
30:29 Bow Saw
30:46 Chain Mail Armor
30:27 Bodkin Arrow
30:46 Masonry
30:35 Light Cavalry
31:17 Husbandry
39:35 Town Watch
40:31 Wheelbarrow
43:21 Stone Mining
45:32 Hand Cart
So SloW
2:55 Loom
12:45 Feudal Age
15:39 Double-Bit Axe
18:37 Wheelbarrow
18:17 Stone Mining
18:22 Gold Mining
18:20 Horse Collar
21:18 Castle Age
26:18 Bow Saw
26:17 Heavy Plow
29:29 Marauders
31:11 Husbandry
32:47 Scale Barding Armor
32:53 Forging
32:35 Fletching
33:44 Bloodlines
36:10 Chain Barding Armor
Biscoitoso
0:41 Loom
11:46 Feudal Age
12:28 Double-Bit Axe
13:20 Town Watch
15:35 Wheelbarrow
14:43 Horse Collar
25:44 Castle Age
26:30 Caravan
27:06 Bow Saw
26:59 Heavy Plow
29:44 Fervor
29:55 Sanctity
29:13 Pikeman
29:53 Squires
29:39 Arson
30:01 Husbandry
30:12 Bloodlines
30:18 Forging
30:13 Scale Barding Armor
29:59 Fletching
30:10 Scale Mail Armor
30:11 Padded Archer Armor
30:15 Gold Mining
30:20 Stone Mining
32:22 Iron Casting
31:54 Light Cavalry
32:38 Fishing Lines
34:27 Gillnets
36:01 Marauders
36:35 Chain Barding Armor
36:17 Bodkin Arrow
37:24 Hand Cart
40:34 Gold Shaft Mining
43:25 Imperial Age
41:17 Ballistics
40:53 Murder Holes
41:08 Masonry
41:17 Leather Archer Armor
41:17 Chain Mail Armor
42:10 Coinage
41:52 Thumb Ring
43:30 Hussar
44:37 Conscription
44:28 Elite Tarkan
44:45 Crossbowman
47:24 Blast Furnace
47:00 Plate Barding Armor
46:24 Cavalier
Goldenthums2
3:15 Loom
11:12 Feudal Age
12:18 Double-Bit Axe
13:53 Horse Collar
19:47 Castle Age
22:25 Husbandry
29:09 Squires
29:32 Bow Saw
29:27 Heavy Plow
34:19 Wheelbarrow
35:56 Light Cavalry
38:54 Ballistics
39:08 Pikeman
40:09 Padded Archer Armor
40:00 Fletching
40:10 Scale Mail Armor
40:21 Forging
40:16 Scale Barding Armor
47:17 Imperial Age
45:35 Man-at-Arms
ren68210
15:33 Feudal Age
21:54 Castle Age
20:05 Double-Bit Axe
20:34 Gold Mining
20:58 Stone Mining
24:52 Wheelbarrow
26:02 Husbandry
29:23 Scale Barding Armor
29:30 Forging
30:17 Hand Cart
31:59 Light Cavalry
33:07 Chain Barding Armor
33:24 Iron Casting
ManCalvin
10:18 Feudal Age
18:59 Castle Age
19:31 Double-Bit Axe
27:20 Bow Saw
29:41 Husbandry
36:25 Scale Barding Armor
36:30 Forging
Connection lost

Rejoining the realm…

Still unreachable

The connection could not be restored.

Session expired

The server has moved on; the page needs a fresh start.